 Dungeon Crawl Stone Soup version 0.29-a0-234-g0dae59b3db (webtiles) character file.

Game seed: 4338167280877455076

37 loirottaja the Chiller (level 3, -6/19 HPs)
             Began as a Deep Elf Ice Elementalist on Mar 2, 2022.
             Was a Follower of Cheibriados.
             Killed from afar by Sigmund (8 damage)
             ... with a puff of flame
             ... on level 2 of the Dungeon.
             The game lasted 00:08:50 (1870 turns).

loirottaja the Chiller (Deep Elf Ice Elementalist)  Turns: 1870, Time: 00:08:51

Health: -6/19      AC:  2    Str:  8    XL:     3   Next: 23%
Magic:  10/10      EV: 13    Int: 24    God:    Cheibriados [*.....]
Gold:   66         SH:  0    Dex: 18    Spells: 8/9 levels left

rFire   . . .      SeeInvis .   k - +0 spear
rCold   . . .      Faith    .   (no shield)
rNeg    . . .      Spirit   .   a - +0 robe
rPois   .          Reflect  .   (no helmet)
rElec   .          Harm     .   (no cloak)
rCorr   .          Rampage  .   (no gloves)
Will    .....                   (no boots)
Stlth   ++........              (no amulet)
HPRegen 0.06/turn               (no ring)
MPRegen 0.12/turn               (no ring)

@: very slow
A: no striking features
a: Renounce Religion, Bend Time


You were on level 2 of the Dungeon.
You worshipped Cheibriados.
Cheibriados was aware of your devotion.
You visited 1 branch of the dungeon, and saw 2 of its levels.

You collected 66 gold pieces.

Inventory:

Hand Weapons
 g - a +0 club
 i - a +0 dagger
 j - a +0 mace
 k - a +0 spear (weapon)
Missiles
 c - 3 poisoned darts
Armour
 a - a +0 robe (worn)
 d - a +2 scale mail of fire resistance
Potions
 b - a potion of ambrosia
 e - a potion of berserk rage {unknown}
 f - a potion of lignification {unknown}
 h - a potion of curing {unknown}


   Skills:
 * Level 3.2 Dodging
 + Level 2.8 Stealth
 * Level 3.8 Spellcasting
 + Level 4.6 Ice Magic
 + Level 0.4 Invocations


You had 8 spell levels left.
You knew the following spells:

 Your Spells              Type           Power      Damage    Failure   Level
a - Freeze                Ice            100%       1d11      1%          1

Your spell library contained the following spells:

 Spells                   Type           Power      Damage    Failure   Level
 Frozen Ramparts          Ice            52%        1d7       4%          3
 Ozocubu's Armour         Ice            26%        N/A       4%          3
 Hailstorm                Conj/Ice       15%        3d5       36%         4
 Ozocubu's Refrigeration  Ice            13%        4d7       100%        7


Dungeon Overview and Level Annotations

Branches:
Dungeon (2/15)

Altars:
Cheibriados

Shops:
D:1 (

Annotations:
D:2 Sigmund


Message History

You freeze the adder.
The adder is lightly wounded.
The adder seems to slow down.
The adder closely misses you.
You freeze the adder.
The adder is severely wounded.
The adder seems to slow down.
The adder barely misses you.
You freeze the adder.
You kill the adder!
Cheibriados appreciates the change of pace.
You have reached level 3!
Your experience leads to an increase in your attributes!
Your base attributes are Str 5, Int 19, Dex 15.
Increase (S)trength, (I)ntelligence, or (D)exterity?
You feel clever. x2
You freeze the kobold!
You kill the kobold!
Cheibriados appreciates the change of pace.
Found 20 stones.
Things that are here:
a +0 club; a kobold corpse; an adder corpse You start resting.
Magic restored.
Found a mace.
You see here 20 stones.
Found a spear.
You see here a +0 spear.
k - a +0 spear
k - a +0 spear (weapon)
There is a stone staircase leading down here.
Sigmund the Dreaded comes into view.
He is wielding a +0 scythe.
Sigmund shouts!
Sigmund hits you from afar with a +0 scythe!
Ouch! That really hurt!
Sigmund casts a spell at you. The magic dart hits you.
* * * LOW HITPOINT WARNING * * *
You aren't carrying any scrolls.
Sigmund casts a spell at you. The puff of flame hits you!
You die...

########.####.## *#,**,* ***,**,
########.# *#.###.***,* *,**,
.........# *#.#.#,,,,* *,***
########.## *#..#,**** *,,,,
########..# *#.#,* *****
..........# #@#,*** .#######..#
#.#,,,* ....####..#######.#*#.*
.##........>....@.# #.#
.....###..######### #.# .###.#
#..######**###.##
.###.###.......,,,,....##########
.............##*****#..##........
.........##...### #..##.#######
.....##.....#...# #...........(
.######.###...#.# #.###########
## #.###.#.#.#####.#


You could see Sigmund.

Vanquished Creatures
  An adder (D:2)
  A dart slug (D:2)
  2 ball pythons (D:1)
  3 bats (D:1)
  2 endoplasms
  A giant cockroach (D:1)
  2 goblins
  2 hobgoblins (D:1)
  3 jackals (D:2)
  2 kobolds
  A quokka (D:2)
  A frilled lizard (D:1)
  2 rats
23 creatures vanquished.

Notes
Turn   | Place    | Note
-------+----------+-------------------------------------------
     0 | D:1      | loirottaja the Deep Elf Ice Elementalist began the quest
                  | for the Orb.
     0 | D:1      | Reached XP level 1. HP: 10/10 MP: 6/6
   292 | D:1      | Found a faded altar of an unknown god.
   319 | D:1      | Prayed at the altar of an unknown god.
   319 | D:1      | Became a worshipper of Cheibriados the Contemplative
   319 | D:1      | Reached * piety under Cheibriados
   716 | D:1      | Reached XP level 2. HP: 12/15 MP: 6/8
   846 | D:1      | Found Zoazan's Weapon Shop.
  1763 | D:2      | Reached XP level 3. HP: 19/19 MP: 6/10
  1865 | D:2      | Noticed Sigmund
  1870 | D:2      | Killed from afar by Sigmund

Illustrated notes

Levels and vault maps discovered:
D:1:      lightli_arrival_statuegarden, layout_loops_ring, serial_shops,
          nicolae_shop_hallway_stairs, nicolae_ecumenical_snake_handling
D:2:      layout_loops_ring, basic_altar, uniq_sigmund

Skill      XL: |  1  2 |
---------------+-------+-----
Dodging        | 3 |  3.2
Stealth        | |  2.8
Spellcasting   | |  3.8
Ice Magic      | |  4.6
Invocations    | |  0.4

Action                   || total
-------------------------++-------
Melee: Club              ||     3
 Cast: Freeze            ||    36
  Use: Scroll            ||     2
Armor: Robe              ||     8
Dodge: Dodged            ||    15

Table legend: (Time is in decaauts)
 A = Elapsed time spent in this place.
 B = Non-inter-level travel time spent in this place.
 C = Inter-level travel time spent in this place.
 D = Time resting spent in this place.
 E = Time spent auto-exploring this place.
 F = Levels seen in this place.
 G = Mean time per level.
                   A        B        C        D        E       F      G
               +--------+--------+--------+--------+--------+-----+--------+
         Total |   2214 |   2084 |    130 |    792 |    405 |   2 | 1107.0 |
       Dungeon |   2214 |   2084 |    130 |    792 |    405 |   2 | 1107.0 |
               +--------+--------+--------+--------+--------+-----+--------+

Top non-repeatable levels by time:
     D:1: 1490 daAuts
     D:2: 723 daAuts
